 Dungeon Crawl Stone Soup version 0.30.1 (webtiles) character file.

Game seed: 9159406545749831700

74 Sabo the Trooper (level 4, -9/36 HPs)
             Began as a Demonspawn Monk on July 1, 2023.
             Mangled by a gnoll
             ... wielding a +0 halberd
              (11 damage)
             ... on level 2 of the Dungeon.
             The game lasted 00:05:44 (1351 turns).

Sabo the Trooper (Demonspawn Monk)                  Turns: 1351, Time: 00:05:46

Health: -9/36      AC:  9    Str: 13    XL:     4   Next: 9%
Magic:  4/4        EV: 10    Int: 12    God:
Gold:   52         SH:  0    Dex: 15    Spells: 3/3 levels left

rFire   . . .        a - +0 hand axe
rCold   . . .        d - orb {light}
rNeg    . . .        j - +0 scale mail
rPois   .            i - +0 helmet
rElec   .            (no cloak)
rCorr   .            (no gloves)
SInv    .            (no boots)
Will    .....        (no amulet) Stlth
                     (no ring)
HPRegen 0.26/turn    (no ring)
MPRegen 0.09/turn

%: no passive effects
@: glowing
A: yellow scales 1, weakness stinger 1
a: no special abilities


You were on level 2 of the Dungeon.
You visited 1 branch of the dungeon, and saw 2 of its levels.

You collected 52 gold pieces.

Inventory:

Hand Weapons
 a - a +0 hand axe (weapon)
Missiles
 h - 6 curare-tipped darts (quivered)
Armour
 d - an orb of light (worn)
 i - a +0 helmet (worn)
 j - a +0 scale mail (worn)
Scrolls
 b - a scroll of vulnerability {unknown}
 g - 2 scrolls of identify {unknown}
Potions
 f - a potion of degeneration {unknown}


   Skills:
 + Level 3.6 Fighting
 + Level 3.5 Axes
 + Level 1.0 Armour
 + Level 3.1 Dodging


You had 3 spell levels left.
You didn't know any spells.
Your spell library contained the following spells:

 Spells                   Type           Power      Damage    Failure   Level
 Summon Ice Beast         Ice/Summ       0%         N/A       100%        4
 Summon Mana Viper        Hex/Summ       0%         N/A       100%        5
 Monstrous Menagerie      Summ           0%         N/A       100%        7


Dungeon Overview and Level Annotations

Branches:
Dungeon (2/15)

Altars:


Innate Abilities, Weirdness & Mutations

You are partially covered in yellow scales. (AC +2)
You have a small tail.


Message History

You completely miss the gnoll. You tail-slap the gnoll.
You kill the gnoll!
The gnoll barely misses you. The gnoll misses you.
The gnoll closely misses you. The gnoll hits you but does no damage.
Things that are here:
a +0 whip; a +0 club You hit the gnoll but do no damage.
You tail-slap the gnoll.
The gnoll is lightly wounded.
The gnoll misses you. The gnoll barely misses you.
You hit the gnoll.
The gnoll is heavily wounded.
The gnoll hits you with a +0 halberd.
* * * LOW HITPOINT WARNING * * *
The gnoll barely misses you.
You hit the gnoll.
The gnoll is severely wounded.
The gnoll hits you from afar with a +0 halberd!
* * * LOW HITPOINT WARNING * * *
The gnoll closely misses you.
You hit the gnoll. You tail-slap the gnoll.
You kill the gnoll!
The gnoll hits you but does no damage.
Your Armour skill increases to level 1!
You have reached level 4!
You feel clever.
Your demonic ancestry asserts itself...
Yellow scales grow over part of your body.
The gnoll closely misses you.
Things that are here:
a +0 halberd; a gnoll corpse You hit the gnoll but do no damage.
The gnoll closely misses you.
You hit the gnoll.
The gnoll is moderately wounded.
The gnoll hits you but does no damage.
You barely miss the gnoll.
The gnoll is moderately wounded.
The gnoll hits you with a +0 halberd.
* * * LOW HITPOINT WARNING * * *
A frilled lizard comes into view.
The gnoll hits you with a +0 halberd!
You die...

#.# #.#
#...........l #.#
............ #.#
.[........ #.#
.......# #.# .....#
#.# ...# # #.#
#######..#.#.#
#.#####....)@g#.8.#
#.##.....####..#
#.##.....# ##.#
#.##.....# #.#
#.#####'## #.#
#.#####.# #..
#......[# #..
######### ###


You could see a gnoll and a frilled lizard (wandering).

Vanquished Creatures
  Robin (D:2)
  3 gnolls (D:2)
  A dart slug (D:1)
  3 bats (D:1)
  An endoplasm (D:1)
  2 giant cockroaches (D:1)
  7 goblins
  5 hobgoblins
  2 kobolds (D:1)
  2 ball pythons
  A frilled lizard (D:1)
  4 rats (D:1)
32 creatures vanquished.

Notes
Turn   | Place    | Note
-------+----------+-------------------------------------------
     0 | D:1      | Sabo the Demonspawn Monk began the quest for the Orb.
     0 | D:1      | Reached XP level 1. HP: 18/18 MP: 1/1
   221 | D:1      | Found a faded altar of an unknown god.
   338 | D:1      | Gained mutation: You have a small tail. [demonic ancestry]
   338 | D:1      | Reached XP level 2. HP: 24/24 MP: 2/2
  1235 | D:2      | Noticed Robin
  1240 | D:2      | Reached XP level 3. HP: 27/29 MP: 3/3
  1249 | D:2      | Killed Robin
  1348 | D:2      | Reached skill level 1 in Armour
  1348 | D:2      | Gained mutation: You are partially covered in yellow
                  | scales. (AC +2) [demonic ancestry]
  1348 | D:2      | Reached XP level 4. HP: 3/36 MP: 4/4
  1351 | D:2      | Mangled by a gnoll

Illustrated notes

Levels and vault maps discovered:
D:1:      dpeg_arrival_three_bigger_balls, layout_loops_corners,
          shapermc_ecumenical_altar_pompeii
D:2:      layout_basic, minivault_14, grunt_decor_mini_mirrors, uniq_robin,
          uniq_terence

Skill      XL: |  1  2  3 |
---------------+----------+-----
Dodging        | 3 |  3.1
Axes           | 3 |  3.5
Armour         | 1 |  1.0
Fighting       | |  3.6

Action                     |  1- 3 |  4- 6 || total
---------------------------+-------+-------++-------
  Melee: Hand axe          |    96 |     3 ||    99
         Tailslap          |    12 |       ||    12
    Use: Scroll            |     1 |       ||     1
         Potion            |     1 |       ||     1
 Armour: Ring mail         |    41 |       ||    41
         Scale mail        |    14 |     1 ||    15
  Dodge: Dodged            |    54 |     2 ||    56
